 Dungeon Crawl Stone Soup version 0.29.0-4-gdea44cf6ec (webtiles) character file.

Game seed: 14438704061885771851

415 qw the Cleaver (level 6, -1/53 HPs)
             Began as a Minotaur Fighter on Sept 6, 2022.
             Was an Initiate of Ru.
             Slain by a gnoll sergeant
             ... wielding a +0 trident of distortion
              (6 damage)
             ... on level 5 of the Dungeon.
             The game lasted 00:01:04 (2062 turns).

qw the Cleaver (Minotaur Fighter)                   Turns: 2062, Time: 00:01:04

Health: -1/53      AC:  6    Str: 23    XL:     6   Next: 60%
Magic:  5/5        EV: 10    Int:  5    God:    Ru [......]
Gold:   137        SH:  9    Dex:  9    Spells: 5/5 levels left

rFire   . . .      SeeInvis .   Y - +0 war axe
rCold   + . .      Faith    .   c - +0 buckler
rNeg    . . .      Spirit   .   f - +0 ring mail {rC+}
rPois   .          Reflect  +   (helmet restricted)
rElec   .          Harm     .   (no cloak)
rCorr   +          Rampage  .   (no gloves)
Will    .....                   a - +0 pair of boots
Stlth   ..........              e - amulet of reflection
HPRegen 0.17/turn               l - ring of resist corrosion
MPRegen 0.09/turn               (no ring)

@: no status effects
A: horns 2, retaliatory headbutt
a: Renounce Religion


You were on level 5 of the Dungeon.
You worshipped Ru.
Ru was noncommittal.
You visited 2 branches of the dungeon, and saw 5 of its levels.

You collected 137 gold pieces.


Innate Abilities, Weirdness & Mutations

You have a pair of horns on your head.
You reflexively headbutt those who attack you in melee.


   Skills:
 - Level 4.3 Fighting
 + Level 8.1 Axes
 - Level 3.6 Armour
 - Level 1.0 Dodging
 - Level 3.6 Shields


You had 5 spell levels left.
You didn't know any spells.
Your spell library was empty.

Inventory:

Hand Weapons
 o - a +0 whip
 Y - a +0 war axe (weapon)
Armour
 a - a +0 pair of boots (worn)
 b - a +0 scale mail
 c - a +0 buckler (worn)
 f - a +0 ring mail of cold resistance (worn)
Jewellery
 e - an amulet of reflection (around neck)
 l - a ring of resist corrosion (left hand)
Potions
 d - a potion of might
 g - a potion of berserk rage {unknown}
 h - a potion of flight {unknown}
 i - a potion of degeneration {unknown}
 j - a potion of magic {unknown}
 k - a potion of invisibility {unknown}
 m - a potion of attraction {unknown}
 n - 2 potions of curing

Dungeon Overview and Level Annotations

Branches:
Dungeon (5/15)             Temple (1/1) D:5

Altars:
Ashenzari
Makhleb
Nemelex Xobeh
Okawaru
Qazlal
Ru
Sif Muna
Trog
Uskayaw
Vehumet
Xom
Yredelemnul

Annotations:
D:3 1 transporter


Message History

Something hits you! The gnoll sergeant barely misses you.
Found a stone staircase leading down.
Something hits you. The gnoll sergeant barely misses you.
You block the gnoll's attack.
You hit the gnoll sergeant.
The gnoll sergeant is lightly wounded.
You completely miss something. You hit the gnoll but do no damage.
You block something's attack. Something hits you but does no damage.
The gnoll hits you but does no damage. The gnoll sergeant misses you.
You furiously retaliate!
You headbutt the gnoll sergeant, but do no damage.
You block the gnoll's attack.
You slash the gnoll sergeant!
Your headbutt misses the gnoll sergeant.
The gnoll sergeant is severely wounded.
You completely miss the gnoll. You hit something but do no damage.
Something hits you. The gnoll hits you with a +0 whip.
The gnoll closely misses you. You block the gnoll sergeant's attack.
You hit the gnoll sergeant.
You headbutt the gnoll sergeant, but do no damage.
The gnoll sergeant is almost dead.
You barely miss something. You slash the gnoll! Something hits you.
You block the gnoll's attack. The gnoll hits you but does no damage.
The gnoll sergeant hits you but does no damage.
You blink.
You block something's attack. x2
You closely miss the gnoll. You headbutt the gnoll.
The gnoll is moderately wounded.
You hit something. You closely miss the gnoll.
Something hits you but does no damage. The gnoll barely misses you. x2
You furiously retaliate!
You headbutt the gnoll!
A jelly comes into view.
You slash the gnoll!
You kill the gnoll!
You hit the gnoll. You hit the gnoll but do no damage.
You barely miss something. Something hits you. You block the gnoll's attack.
The gnoll closely misses you.
The gnoll sergeant hits you from afar with a +0 trident of distortion.
You die...

#.......# ..# .....
###.....###.##....
###.=...##..#...#
#....#........##
##.....<....!..#
###..........##
#..........####..
#................
#..##.@)g[........
........gg..........
..#..................
. #.....#......#.....
#.....#......#.....
#J##.........?.....
... ............ .77
## ......>...... 7~


You could see a gnoll sergeant, a jelly and 2 gnolls.

Vanquished Creatures
  2 black bears (D:5)
  An ogre (D:5)
  A scorpion (D:5)
  An iguana (D:5)
  An adder (D:2)
  A gnoll (D:5)
  A worm (D:2)
  A dart slug (D:2)
  4 orcs
  3 ball pythons
  4 bats
  3 endoplasms
  3 giant cockroaches (D:1)
  9 hobgoblins
  5 frilled lizards
  10 goblins
  A kobold (D:3)
  5 rats
56 creatures vanquished.

Vanquished Creatures (others)
  2 plants (D:5)
2 creatures vanquished.

Grand Total: 58 creatures vanquished

Notes
Turn   | Place    | Note
-------+----------+-------------------------------------------
     0 | D:1      | qw the Minotaur Fighter began the quest for the Orb.
     0 | D:1      | Reached XP level 1. HP: 19/19 MP: 0/0
     0 | D:1      | 0 ||| qw: Version: 0.1-a-108-g9e35731
     0 | D:1      | 0 ||| qw: Game counter: 6305
     0 | D:1      | 0 ||| qw: Always use a shield: true
     0 | D:1      | 0 ||| qw: God list: Ru
     0 | D:1      | 0 ||| qw: Allow faded altars: false
     0 | D:1      | 0 ||| qw: Do Orc after D:15 true
     0 | D:1      | 0 ||| qw: Do second Lair branch before Depths: true
     0 | D:1      | 0 ||| qw: Lair rune preference: random
     0 | D:1      | 0 ||| qw: Plans: Normal
     0 | D:1      | 0 ||| PLANNING D:1-11
    64 | D:1      | Reached skill level 3 in Axes
    71 | D:1      | Reached XP level 2. HP: 25/26 MP: 1/1
   128 | D:1      | 128 ||| Stepping ~*~*~tactically~*~*~ (stealth).
   129 | D:1      | 129 ||| Stepping ~*~*~tactically~*~*~ (stealth).
   171 | D:1      | 171 ||| Stepping ~*~*~tactically~*~*~ (stealth).
   172 | D:1      | 172 ||| Stepping ~*~*~tactically~*~*~ (stealth).
   341 | D:1      | Reached skill level 4 in Axes
   851 | D:1      | 851 ||| UPGRADING to +0 ring mail of cold resistance.
   861 | D:1      | 861 ||| UPGRADING to amulet of reflection.
   866 | D:1      | 866 ||| UPGRADING to ring of resist corrosion.
   867 | D:1      | 867 ||| READING 2 scrolls labelled UMUAD LAKUAT.
   868 | D:1      | 868 ||| READING scroll labelled FALEEQ HUITUU.
   871 | D:1      | 871 ||| READING scroll labelled ENEATH KATUFRE.
   872 | D:1      | 872 ||| DROPPING scroll of blinking.
   912 | D:2      | Reached XP level 3. HP: 31/31 MP: 2/2
   973 | D:2      | 973 ||| Stepping ~*~*~tactically~*~*~ (stealth).
   975 | D:2      | 975 ||| Stepping ~*~*~tactically~*~*~ (stealth).
   983 | D:2      | 983 ||| Stepping ~*~*~tactically~*~*~ (stealth).
  1197 | D:2      | Reached skill level 5 in Axes
  1241 | D:2      | Found a faded altar of an unknown god.
  1245 | D:2      | 1245 ||| Stepping ~*~*~tactically~*~*~ (stealth).
  1246 | D:2      | 1246 ||| Stepping ~*~*~tactically~*~*~ (stealth).
  1247 | D:2      | 1247 ||| Stepping ~*~*~tactically~*~*~ (stealth).
  1306 | D:2      | Reached skill level 1 in Dodging
  1312 | D:2      | 1312 ||| DROPPING +0 club.
  1446 | D:2      | 1446 ||| UPGRADING to +0 pair of boots.
  1451 | D:2      | 1451 ||| READING scroll labelled VIFASA YNUTITT.
  1452 | D:2      | 1452 ||| DRINKING 2 fizzy dark potions.
  1471 | D:3      | 1471 ||| STAIRDANCE
  1474 | D:2      | Reached XP level 4. HP: 39/39 MP: 3/3
  1522 | D:3      | Found a burning altar of Makhleb.
  1537 | D:3      | Found a transporter.
  1573 | D:3      | You fall into a shaft and drop 2 floors!
  1573 | D:5      | Entered Level 5 of the Dungeon
  1573 | D:5      | Found a staircase to the Ecumenical Temple.
  1574 | D:5      | 1574 ||| PLANNING TEMPLE
  1574 | D:5      | 1574 ||| READING scroll labelled KUQIPOD WAODU.
  1575 | D:5      | 1575 ||| Stepping randomly (stuck).
  1576 | D:5      | 1576 ||| Stepping ~*~*~tactically~*~*~ (cloud).
  1739 | D:5      | Noticed a black bear
  1750 | D:5      | Killed a black bear
  1751 | D:5      | Reached skill level 6 in Axes
  1751 | D:5      | Reached XP level 5. HP: 35/45 MP: 4/4
  1853 | D:5      | Noticed an ogre
  1863 | D:5      | Killed an ogre
  1864 | D:5      | Reached skill level 7 in Axes
  1864 | D:5      | Reached XP level 6. HP: 40/51 MP: 5/5
  1926 | D:5      | 1926 ||| Stepping ~*~*~tactically~*~*~ (stealth).
  1950 | Temple   | Entered the Ecumenical Temple
  1979 | Temple   | Became a worshipper of Ru the Awakened
  1981 | Temple   | 1981 ||| PLANNING D:1-11
  2023 | D:5      | 2023 ||| READING scroll labelled XUROIBB ZACHOTZ.
  2030 | D:5      | 2030 ||| Stepping ~*~*~tactically~*~*~ (stealth).
  2036 | D:5      | Reached skill level 8 in Axes
  2050 | D:5      | 2050 ||| Stepping randomly (disturbance).
  2051 | D:5      | 2051 ||| Stepping randomly (disturbance).
  2058 | D:5      | HP: 9/53 [something (5)]
  2062 | D:5      | Slain by a gnoll sergeant

Levels and vault maps discovered:
D:1:      amcnicky_arrival_flooded_fountain, layout_loops_cross,
          minmay_split_cup_small
D:2:      layout_basic, ebering_ecumenical_altar_rust
D:3:      gammafunk_steamed_eel, layout_loops_corners,
          mainiacjoe_overflow_tiny_flanked, minmay_misc_feat_four_crosses,
          uniq_natasha
D:5:      layout_cave_pools, minmay_temple_entry_drinking_statues, serial_shops,
          shop, serial_bayou_ford_a, minmay_misc_feat_cross, glass_columns_b
Temple:   hellmonk_temple_of_storms

Skill      XL: |  1  2  3  4  5  6 |
---------------+-------------------+-----
Axes           | 3 4 5 6 7 8 |  8.1
Dodging        | 1 |  1.0
Fighting       | 4 |  4.3
Armour         | |  3.6
Shields        | |  3.6

Action                   |  1- 3 |  4- 6 || total
-------------------------+-------+-------++-------
Melee: War axe           |    77 |    35 ||   112
       Headbutt          |     9 |     6 ||    15
  Use: Scroll            |     4 |     2 ||     6
       Potion            |     1 |       ||     1
Armor: Scale mail        |    12 |       ||    12
       Ring mail         |     6 |    14 ||    20
Dodge: Dodged            |    26 |    23 ||    49
Block: Buckler           |    18 |    25 ||    43

Table legend:
 A = Non-vault XP
 B = Vault XP
 C = Vault XP percentage of total XP
 D = Non-vault monster count
 E = Vault monster count
 F = Vault count percentage of total count
                 A         B        C        D         E       F
            +---------+---------+-------+---------+---------+-------
      Total |     602 |       6 |   1.0 |      53 |       3 |   5.4
            +---------+---------+-------+---------+---------+-------
        D:1 |      32 |       6 |  15.8 |      19 |       3 |  13.6
        D:2 |      58 |       0 |   0.0 |      23 |       0 |   0.0
        D:3 |      11 |       0 |   0.0 |       5 |       0 |   0.0
        D:5 |     501 |       0 |   0.0 |       6 |       0 |   0.0
            +---------+---------+-------+---------+---------+-------
